AAA EAST
FLORIDA FIRE FROGS @ BUFFALO BISONS
04/13/2042
 
TOP OF THE 1ST
Florida Fire Frogs batting - Pitching for Buffalo Bisons : RHP Greg Jones
Pitching: RHP Greg Jones
Batting: RHB José Rodríguez 0-0: Ball
1-0: Swinging Strike
1-1: Called Strike
1-2: Ground out 6-3 (Groundball, 6, EV 90.6 MPH)
Batting: LHB José Cardenas 0-0: Ball
1-0: Foul Ball, location: 5SF
1-1: Foul Ball, location: 2F
1-2: Ball
2-2: SINGLE (Flyball, 4MD, EV 88.1 MPH)
Batting: LHB Luis López 0-0: Ball
1-0: Ball
2-0: Ball
3-0: Called Strike
3-1: Base on Balls
José Cardenas to second
Batting: SHB Víctor Zumaya 0-0: Ball
1-0: 3-RUN HOME RUN (Flyball, 9D, EV 99.4 MPH), Distance : 371 ft
Batting: RHB Waggoner Jahnet 0-0: Ball
1-0: Called Strike
1-1: Ball
2-1: Swinging Strike
2-2: Fly out, F4 (Popup, 4, EV 70.6 MPH)
Batting: RHB Kade Piper 0-0: Ball
1-0: Ball
2-0: Ground out 6-3 (Groundball, 6, EV 85.0 MPH)
Top of the 1st over - 3 runs, 2 hits, 0 errors, 0 left on base; Florida 3 - Buffalo 0
BOTTOM OF THE 1ST
Buffalo Bisons batting - Pitching for Florida Fire Frogs : RHP Jorge Ortíz
Pitching: RHP Jorge Ortíz
Batting: RHB Chris Smith 0-0: Ball
1-0: Ball
2-0: Called Strike
2-1: SINGLE (Groundball, 13, EV 66.9 MPH) (infield hit)
Batting: RHB Bob Robinson 0-0: Ball
1-0: Ball
2-0: Foul Ball, location: 7LDF
2-1: Ball
3-1: Base on Balls
Chris Smith to second
Batting: LHB Albert Hernández 0-0: Ball
1-0: Ball
2-0: Ball
3-0: Called Strike
3-1: Base on Balls
Chris Smith to third
Bob Robinson to second
Batting: LHB Luis Mejía 0-0: Ball
1-0: Called Strike
1-1: Swinging Strike
1-2: Ball
2-2: Ball
3-2: Fly out, F7 (Line Drive, 7, EV 91.9 MPH)
Runner from 3rd tags up, SCORES, no throw by LF
Batting: RHB Xavier Gómez 0-0: Ball
1-0: Ball
2-0: Called Strike
2-1: Foul Ball, location: 5FF
2-2: Grounds into double play, 6-4-3 (Groundball, 6, EV 88.1 MPH)
Bottom of the 1st over - 1 run, 1 hit, 0 errors, 1 left on base; Florida 3 - Buffalo 1
TOP OF THE 2ND
Florida Fire Frogs batting - Pitching for Buffalo Bisons : RHP Greg Jones
Batting: SHB Juan Arroyo 0-0: Swinging Strike
0-1: Ball
1-1: Swinging Strike
1-2: Ball
2-2: Foul Ball, location: 9LSF
2-2: Foul Ball, location: 23FF
2-2: SINGLE (Line Drive, 6MD, EV 104.4 MPH)
Batting: RHB Jorge García 0-0: Called Strike
0-1: Ball
1-1: Foul Ball, location: 2F
1-2: Fielders Choice at 2nd, 6-4 (Groundball, 6, EV 106.3 MPH)
Batting: RHB Álex Montáñez 0-0: Foul Ball, location: 23F
0-1: Ball
Jorge García steals 2nd base
1-1: Swinging Strike
1-2: Ball
2-2: Fly out, F8 (Flyball, 8RD, EV 85.6 MPH)
Batting: RHB José Rodríguez 0-0: Ground out 5-3 (Groundball, 56, EV 80.6 MPH)
Top of the 2nd over - 0 runs, 1 hit, 0 errors, 1 left on base; Florida 3 - Buffalo 1
BOTTOM OF THE 2ND
Buffalo Bisons batting - Pitching for Florida Fire Frogs : RHP Jorge Ortíz
Batting: LHB Josh Mason 0-0: Foul Ball, location: 7LSF
0-1: Ball
1-1: Foul Ball, location: 2F
1-2: Ball
2-2: Foul Ball, location: 3DF
2-2: Foul Ball, location: 9LMF
2-2: Foul Ball, location: 5F
2-2: Foul Ball, location: 2F
2-2: DOUBLE (Line Drive, 9LS, EV 100.6 MPH)
Batting: RHB Tim Burns 0-0: Called Strike
0-1: Foul Ball, location: 9LSFF
0-2: Strikes out looking
Batting: RHB Juan Sosa 0-0: Called Strike
0-1: Swinging Strike
0-2: Strikes out looking
Batting: RHB Sean Harris 0-0: Ball
1-0: Ball
2-0: Called Strike
2-1: Ball
3-1: Ground out 5-3 (Groundball, 56S, EV 67.5 MPH)
Bottom of the 2nd over - 0 runs, 1 hit, 0 errors, 1 left on base; Florida 3 - Buffalo 1
TOP OF THE 3RD
Florida Fire Frogs batting - Pitching for Buffalo Bisons : RHP Greg Jones
Batting: LHB José Cardenas 0-0: Foul Ball, location: 3FF
0-1: Ball
1-1: DOUBLE (Flyball, 89XD, EV 111.3 MPH)
Batting: LHB Luis López 0-0: Called Strike
0-1: Swinging Strike
0-2: Foul Ball, location: 2F
0-2: Ball
1-2: Ball
2-2: Fly out, F7 (Flyball, 78M, EV 83.1 MPH)
Batting: SHB Víctor Zumaya 0-0: Foul Ball, location: 5FF
0-1: Foul Ball, location: 25F
0-2: Ball
1-2: Ball
2-2: Fly out, F8 (Flyball, 8LM, EV 80.6 MPH)
Batting: RHB Waggoner Jahnet 0-0: Called Strike
0-1: Foul Ball, location: 2F
0-2: Ball
1-2: Ball
2-2: Foul Ball, location: 2F
2-2: Ball
3-2: SINGLE (Line Drive, 7S, EV 108.1 MPH)
José Cardenas to third
Runner from 3rd tries for Home, throw by LF and OUT! 7-2
Top of the 3rd over - 0 runs, 2 hits, 0 errors, 1 left on base; Florida 3 - Buffalo 1
BOTTOM OF THE 3RD
Buffalo Bisons batting - Pitching for Florida Fire Frogs : RHP Jorge Ortíz
Batting: RHB Chris Smith 0-0: Ball
1-0: Ball
2-0: SINGLE (Groundball, 6D, EV 96.9 MPH)
Batting: RHB Bob Robinson 0-0: Sac Bunt to 15S - play at first, batter OUT! 1-3
Chris Smith to second
Batting: LHB Albert Hernández 0-0: Called Strike
0-1: Ball
1-1: Ball
2-1: Called Strike
2-2: Ball
3-2: Base on Balls
Batting: LHB Luis Mejía 0-0: Foul Ball, location: 2F
0-1: Ball
1-1: Ball
2-1: DOUBLE (Line Drive, 3D, EV 96.9 MPH)
Chris Smith scores
Albert Hernández to third
Runner from 3rd tries for Home, SAFE, no throw by RF
Batting: RHB Xavier Gómez 0-0: Called Strike
0-1: Ball
1-1: Ball
2-1: Ball
3-1: Foul Ball, location: 2F
3-2: Base on Balls
Batting: LHB Josh Mason 0-0: Foul Ball, location: 2F
0-1: Foul Ball, location: 2F
0-2: Ball
1-2: Ball
2-2: Foul Ball, location: 2F
2-2: Ball
3-2: Foul Ball, location: 2F
3-2: Foul Ball, location: 2F
3-2: Foul Ball, location: 7LSF
3-2: Foul Ball, location: 3F
3-2: Fly out, F7 (Flyball, 7D, EV 101.9 MPH)
Batting: RHB Tim Burns 0-0: Ball
1-0: Foul Ball, location: 2RF
1-1: Called Strike
1-2: Ball
2-2: Ball
3-2: Strikes out swinging
Bottom of the 3rd over - 2 runs, 2 hits, 0 errors, 2 left on base; Florida 3 - Buffalo 3
TOP OF THE 4TH
Florida Fire Frogs batting - Pitching for Buffalo Bisons : RHP Greg Jones
Batting: RHB Kade Piper 0-0: Ball
1-0: Fly out, F6 (Popup, 6M, EV 53.8 MPH)
Batting: SHB Juan Arroyo 0-0: Ground out 4-3 (Groundball, 4, EV 100.6 MPH)
Pitching: LHP Joaquín Alfaro
Batting: RHB Jorge García 0-0: Ball
1-0: Called Strike
1-1: SINGLE (Line Drive, 89S, EV 91.3 MPH)
Batting: RHB Álex Montáñez 0-0: Called Strike
0-1: Ball
Jorge García steals 2nd base
1-1: Ball
2-1: Ground out 4-3 (Groundball, 4, EV 85.6 MPH)
Top of the 4th over - 0 runs, 1 hit, 0 errors, 1 left on base; Florida 3 - Buffalo 3
BOTTOM OF THE 4TH
Buffalo Bisons batting - Pitching for Florida Fire Frogs : RHP Jorge Ortíz
Batting: RHB Juan Sosa 0-0: Foul Ball, location: 2F
0-1: Ball
1-1: Called Strike
1-2: Ball
2-2: Strikes out looking
Batting: RHB Sean Harris 0-0: Ground out 3-1 (Groundball, 13, EV 82.5 MPH)
Batting: RHB Chris Smith 0-0: Called Strike
0-1: Called Strike
0-2: Foul Ball, location: 7LSF
0-2: Ground out 6-3 (Groundball, 6, EV 98.1 MPH)
Bottom of the 4th over - 0 runs, 0 hits, 0 errors, 0 left on base; Florida 3 - Buffalo 3
TOP OF THE 5TH
Florida Fire Frogs batting - Pitching for Buffalo Bisons : LHP Joaquín Alfaro
Batting: RHB José Rodríguez 0-0: Called Strike
0-1: Ball
1-1: Foul Ball, location: 5F
1-2: Ground out 5-3 (Groundball, 56, EV 90.0 MPH)
Batting: LHB José Cardenas 0-0: Ball
1-0: Foul Ball, location: 2F
1-1: Foul Ball, location: 7LDF
1-2: Ball
2-2: SINGLE (Line Drive, 8LS, EV 94.4 MPH)
Batting: LHB Luis López 0-0: Called Strike
0-1: Ball
1-1: Ball
2-1: Foul Ball, location: 5SF
2-2: Fielders Choice at 2nd, 1-6 (Groundball, 13, EV 66.9 MPH)
Batting: SHB Víctor Zumaya 0-0: Ball
1-0: Ball
2-0: Ball
3-0: Base on Balls
Luis López to second
Batting: RHB Waggoner Jahnet 0-0: Swinging Strike
0-1: Ball
1-1: Ball
2-1: Foul Ball, location: 5F
2-2: Fielders Choice at 2nd, 6-4 (Groundball, 6, EV 91.9 MPH)
Top of the 5th over - 0 runs, 1 hit, 0 errors, 2 left on base; Florida 3 - Buffalo 3
BOTTOM OF THE 5TH
Buffalo Bisons batting - Pitching for Florida Fire Frogs : RHP Jorge Ortíz
Batting: RHB Bob Robinson 0-0: Called Strike
0-1: Foul Ball, location: 2RF
0-2: Ball
1-2: Strikes out swinging, 2-3 out at first.
Batting: LHB Albert Hernández 0-0: Ball
1-0: Foul Ball, location: 3F
1-1: Swinging Strike
1-2: Ball
2-2: Ball
3-2: Foul Ball, location: 7LSF
3-2: Strikes out looking
Batting: LHB Luis Mejía 0-0: Called Strike
0-1: Ball
1-1: Ball
2-1: Ball
3-1: Base on Balls
Pitching: LHP Jeff Gray
Batting: RHB Xavier Gómez 0-0: Called Strike
0-1: Called Strike
Pickoff Throw to First - Out! 1-3 CS
Bottom of the 5th over - 0 runs, 0 hits, 0 errors, 0 left on base; Florida 3 - Buffalo 3
TOP OF THE 6TH
Florida Fire Frogs batting - Pitching for Buffalo Bisons : LHP Joaquín Alfaro
Batting: RHB Kade Piper 0-0: Ball
1-0: Ball
2-0: Called Strike
2-1: Swinging Strike
2-2: Strikes out swinging
Batting: SHB Juan Arroyo 0-0: Called Strike
0-1: Ball
1-1: SINGLE (Groundball, 4MS, EV 62.5 MPH) (infield hit)
Batting: RHB Jorge García 0-0: Called Strike
0-1: Ball
1-1: Ball
Juan Arroyo steals 2nd base
2-1: Fly out, F7 (Flyball, 7, EV 90.0 MPH)
Batting: RHB Álex Montáñez 0-0: Called Strike
0-1: Called Strike
0-2: Ball
1-2: Ball
2-2: Ball
3-2: Base on Balls
Batting: RHB José Rodríguez 0-0: Called Strike
0-1: Swinging Strike
0-2: Foul Ball, location: 2F
0-2: Foul Ball, location: 5F
0-2: Ball
1-2: DOUBLE (Line Drive, 89D, EV 105.0 MPH)
Juan Arroyo scores
Álex Montáñez to third
Batting: LHB José Cardenas 0-0: Ball
1-0: Foul Ball, location: 9LSF
1-1: Called Strike
1-2: Strikes out swinging
Top of the 6th over - 1 run, 2 hits, 0 errors, 2 left on base; Florida 4 - Buffalo 3
BOTTOM OF THE 6TH
Buffalo Bisons batting - Pitching for Florida Fire Frogs : LHP Jeff Gray
Batting: RHB Xavier Gómez 0-0: Foul Ball, location: 2F
0-1: Foul Ball, location: 23FF
0-2: Ball
1-2: Strikes out looking
Batting: LHB Josh Mason 0-0: Foul Ball, location: 2F
0-1: Ball
1-1: Foul Ball, location: 2F
1-2: Ball
2-2: Ground out 4-3 (Groundball, 4M, EV 96.3 MPH)
Batting: RHB Tim Burns 0-0: Called Strike
0-1: Foul Ball, location: 23FF
0-2: Strikes out swinging
Bottom of the 6th over - 0 runs, 0 hits, 0 errors, 0 left on base; Florida 4 - Buffalo 3
TOP OF THE 7TH
Florida Fire Frogs batting - Pitching for Buffalo Bisons : LHP Joaquín Alfaro
Pitching: RHP Marlon Hill
Batting: LHB Luis López 0-0: Called Strike
0-1: Ball
1-1: Foul Ball, location: 2F
1-2: Strikes out looking
Batting: SHB Víctor Zumaya 0-0: Ball
1-0: Foul Ball, location: 2F
1-1: Ball
2-1: Called Strike
2-2: Foul Ball, location: 9LDF
2-2: Ground out U3 (Groundball, 34S, EV 86.9 MPH)
Batting: RHB Waggoner Jahnet 0-0: SOLO HOME RUN (Flyball, 7LD, EV 90.0 MPH), Distance : 341 ft
Batting: RHB Kade Piper 0-0: Called Strike
0-1: Ball
1-1: Foul Ball, location: 23F
1-2: DOUBLE (Line Drive, 7LS, EV 108.1 MPH)
Batting: SHB Juan Arroyo 0-0: Called Strike
0-1: Foul Ball, location: 2F
0-2: Ball
1-2: Ball
2-2: Foul Ball, location: 25FF
2-2: 2-RUN HOME RUN (Line Drive, 7LD, EV 93.8 MPH), Distance : 352 ft
Pitching: RHP Johnathan Watson
Batting: RHB Jorge García 0-0: Called Strike
0-1: Ball
1-1: Called Strike
1-2: Strikes out swinging
Top of the 7th over - 3 runs, 3 hits, 0 errors, 0 left on base; Florida 7 - Buffalo 3
BOTTOM OF THE 7TH
Buffalo Bisons batting - Pitching for Florida Fire Frogs : LHP Jeff Gray
Batting: RHB Juan Sosa 0-0: Ball
1-0: Ball
2-0: Called Strike
2-1: Ball
3-1: Base on Balls
Batting: RHB Sean Harris 0-0: Ball
1-0: Called Strike
1-1: Grounds into double play, 4-6-3 (Groundball, 34S, EV 88.8 MPH)
Batting: RHB Chris Smith 0-0: Called Strike
0-1: Ball
1-1: Foul Ball, location: 2F
1-2: Fly out, F8 (Line Drive, 78M, EV 91.3 MPH)
Bottom of the 7th over - 0 runs, 0 hits, 0 errors, 0 left on base; Florida 7 - Buffalo 3
TOP OF THE 8TH
Florida Fire Frogs batting - Pitching for Buffalo Bisons : RHP Johnathan Watson
Batting: RHB Álex Montáñez 0-0: Ball
1-0: Called Strike
1-1: Ball
2-1: Ball
3-1: Base on Balls
Batting: RHB José Rodríguez 0-0: Foul Ball, location: 5FF
0-1: Ball
1-1: Fielders Choice at 2nd, 4-6 (Groundball, 4, EV 100.6 MPH)
Batting: LHB José Cardenas 0-0: Ball
1-0: SINGLE (Line Drive, 56, EV 110.6 MPH)
José Rodríguez to second
Batting: LHB Luis López 0-0: Foul Ball, location: 2F
0-1: Fly out, F8 (Flyball, 8RM, EV 85.0 MPH)
Batting: SHB Víctor Zumaya 0-0: Called Strike
0-1: Called Strike
0-2: Strikes out looking
Top of the 8th over - 0 runs, 1 hit, 0 errors, 2 left on base; Florida 7 - Buffalo 3
BOTTOM OF THE 8TH
Buffalo Bisons batting - Pitching for Florida Fire Frogs : LHP Jeff Gray
Batting: RHB Bob Robinson 0-0: Ball
1-0: Called Strike
1-1: Called Strike
1-2: Foul Ball, location: 23FF
1-2: Ball
2-2: SINGLE (Line Drive, 9S, EV 105.0 MPH)
Pinch Hitting: SHB Jim Harris 0-0: Ball
1-0: Ball
2-0: Grounds into double play, 4-6-3 (Groundball, 34S, EV 87.5 MPH)
Batting: LHB Luis Mejía 0-0: Called Strike
0-1: Ball
1-1: Foul Ball, location: 7LMF
1-2: Strikes out swinging
Bottom of the 8th over - 0 runs, 1 hit, 0 errors, 0 left on base; Florida 7 - Buffalo 3
TOP OF THE 9TH
Florida Fire Frogs batting - Pitching for Buffalo Bisons : RHP Johnathan Watson
Now in CF: Jim Harris
Now in RF: Bob Robinson
Batting: RHB Waggoner Jahnet 0-0: Swinging Strike
0-1: Ball
1-1: Ball
2-1: Ball
3-1: Base on Balls
Batting: RHB Kade Piper 0-0: Called Strike
0-1: Ball
1-1: Swinging Strike
1-2: Ball
2-2: Foul Ball, location: 23F
2-2: Foul Ball, location: 9LSF
2-2: SINGLE (Line Drive, 7LS, EV 98.8 MPH)
Waggoner Jahnet to second
Batting: SHB Juan Arroyo 0-0: Ball
1-0: Fielders Choice at 2nd, 1-6 (Groundball, 13S, EV 68.8 MPH)
Waggoner Jahnet to third
Batting: RHB Jorge García 0-0: Grounds into double play, 6-4-3 (Groundball, 6, EV 98.1 MPH)
Top of the 9th over - 0 runs, 1 hit, 0 errors, 1 left on base; Florida 7 - Buffalo 3
BOTTOM OF THE 9TH
Buffalo Bisons batting - Pitching for Florida Fire Frogs : LHP Jeff Gray
Batting: RHB Xavier Gómez 0-0: Foul Ball, location: 2F
0-1: Foul Ball, location: 9LSF
0-2: Ground out 6-3 (Groundball, 56, EV 87.5 MPH)
Batting: LHB Josh Mason 0-0: Ball
1-0: Foul Ball, location: 2F
1-1: Foul Ball, location: 7LMF
1-2: Strikes out swinging
Batting: RHB Tim Burns 0-0: Called Strike
0-1: Foul Ball, location: 9LDF
0-2: SINGLE (Flyball, 8RS, EV 98.8 MPH)
Batting: RHB Juan Sosa 0-0: Ball
1-0: Called Strike
1-1: Ball
Passed Ball!
Tim Burns to second
2-1: Ball
3-1: Base on Balls
Pitching: RHP Jim Snider
Batting: RHB Sean Harris 0-0: Ball
1-0: Foul Ball, location: 2F
1-1: Foul Ball, location: 2F
1-2: Strikes out swinging
Bottom of the 9th over - 0 runs, 1 hit, 0 errors, 2 left on base; Florida 7 - Buffalo 3
Wednesday, May 1st , 2024 - OOTP Baseball 24.10 Build 82